 Dungeon Crawl Stone Soup version 0.21.1-1-g345015f (webtiles) character file.

29 vatarom the Firebug (level 3, 0/20 HPs)
             Began as a Deep Elf Fire Elementalist on Mar 19, 2018.
             Slain by a jackal (1 damage)
             ... on level 1 of the Dungeon.
             The game lasted 00:03:30 (500 turns).

vatarom the Firebug (Deep Elf Fire Elementalist)     Turns: 500, Time: 00:03:30

Health: 0/20       AC:  2    Str:  6    XL:     3   Next: 1%
Magic:  1/9        EV: 13    Int: 19    God:
Gold:   17         SH:  0    Dex: 15    Spells: 5/8 levels left

rFire    . . .     SeeInvis .   h - +0 club
rCold    . . .     Gourm    .   (no shield)
rNeg     . . .     Faith    .   a - +0 robe
rPois    .         Spirit   .   (no helmet)
rElec    .         Reflect  .   (no cloak)
rCorr    .         Harm     .   (no gloves)
MR       .....                  (no boots)
Stlth    ++........             (no amulet)
HPRegen  0.06/turn              (no ring)
MPRegen  0.11/turn              (no ring)

@: no status effects
A: no striking features
a: no special abilities


You were on level 1 of the Dungeon.
You were not hungry.

You visited 1 branch of the dungeon, and saw 1 of its levels.

You collected 17 gold pieces.

Inventory:

Hand Weapons
 h - a +0 club (weapon)
Armour
 a - a +0 robe (worn)
Scrolls
 g - a scroll of blinking
Potions
 d - a potion of might {unknown}
 e - a potion of heal wounds {unknown}
 f - a potion of invisibility {unknown}
Books
 b - a book of Flames

   Spells                             Type                      Level
   a - Flame Tongue                   Conjuration/Fire             1
   b - Throw Flame                    Conjuration/Fire             2
   c - Conjure Flame                  Conjuration/Fire             3
   d - Inner Flame                    Hexes/Fire                   3
   e - Sticky Flame                   Conjuration/Fire             4
   f - Fireball                       Conjuration/Fire             5
Comestibles
 c - a ration


   Skills:
 * Level 1.2 Fighting
 - Level 2.4 Dodging
 - Level 2.4 Stealth
 + Level 3.4 Spellcasting
 + Level 1.6 Conjurations
 + Level 3.6 Fire Magic


You had 5 spell levels left.
You knew the following spells:

 Your Spells              Type           Power        Failure   Level  Hunger
a - Flame Tongue          Conj/Fire      ##...        4%          1    None
b - Throw Flame           Conj/Fire      ##....       8%          2    ##.....


Dungeon Overview and Level Annotations

Branches:
Dungeon (1/15)

Altars:


Message History

Increase (S)trength, (I)ntelligence, or (D)exterity?
You feel stronger.
You hit the jackal.
The jackal is heavily wounded.
The jackal misses you. The jackal closely misses you.
You barely miss the jackal.
The jackal is heavily wounded.
The jackal bites you.
* * * LOW HITPOINT WARNING * * *
The jackal barely misses you.
You hit the jackal.
The jackal is severely wounded.
The jackal bites you.
* * * LOW HITPOINT WARNING * * *
The jackal bites you.
* * * LOW HITPOINT WARNING * * *
You miss the jackal.
The jackal is severely wounded.
The jackal bites you.
You die...

#...K)........# #.###########.#
#.#.....# #.############
###.#.###.# #.g†.hK......######
......#.#.# ######K............
..))..#..(# #.............
..........##### #.............
..............######.............
...............[@h...............
#####.....###.#####........##.#..
#.....###.# #...........#..
#.........# #..####........
#.........# #..# #[..#...#
#.........# #..####...#.#.#
##########....# #.....#...#..,.
..............# #.###.#.......,
##.....h###########.#......####..


You could see a jackal.

Vanquished Creatures
  An ooze (D:1)
  A leopard gecko (D:1)
  A ball python (D:1)
  2 bats (D:1)
  A giant cockroach (D:1)
  3 goblins (D:1)
  2 hobgoblins (D:1)
  3 jackals (D:1)
  A frilled lizard (D:1)
  3 kobolds (D:1)
  4 rats (D:1)
22 creatures vanquished.

Notes
Turn   | Place    | Note
-------+----------+-------------------------------------------
     0 | D:1      | vatarom the Deep Elf Fire Elementalist began the quest for the Orb.
     0 | D:1      | Reached XP level 1. HP: 10/10 MP: 6/6
   206 | D:1      | Reached XP level 2. HP: 15/16 MP: 2/8
   212 | D:1      | Learned a level 2 spell: Throw Flame
   327 | D:1      | Reached skill level 1 in Fighting
   493 | D:1      | Reached XP level 3. HP: 5/20 MP: 0/9
   499 | D:1      | HP: 1/20 [jackal (2)]
   500 | D:1      | Slain by a jackal

Skill      XL: |  1  2 |
---------------+-------+-----
Fighting       | 1 |  1.2
Dodging        | |  2.4
Stealth        | |  2.4
Spellcasting   | |  3.4
Conjurations   | |  1.6
Fire Magic     | |  3.6

Action                   || total
-------------------------++-------
Melee: Unarmed           ||     2
       Club              ||     7
 Cast: Flame Tongue      ||    36
       Throw Flame       ||     2
  Use: Scroll            ||     2
Armor: Robe              ||     5
Dodge: Dodged            ||    25
